 Dungeon Crawl Stone Soup version 0.15.0-12-gccce430 (console) character file.

5749 Bikaver the Nimble (level 10, -11/50 HPs)
             Began as a Deep Elf Conjurer on Aug 31, 2014.
             Was a High Priest of Vehumet.
             Mangled by a blink frog (15 damage)
             ... on Level 9 of the Dungeon.
             The game lasted 00:54:44 (12440 turns).

Bikaver the Nimble (Deep Elf Conjurer)             Turns: 12440, Time: 00:54:45

HP -11/50        AC  8     Str  2      XL: 10   Next: 49%
MP  27/31        EV 18     Int 29      God: Vehumet [*****.]
Gold 327         SH  6     Dex 15      Spells:  7 memorised, 10 levels left

rFire  . . .     SeeInvis .     v - +3 scimitar
rCold  . . .     Clarity  .     a - +0 robe
rNeg   . . .     rCorr    .     x - +1 buckler "Klinnom" {Str-3 Int+5}
rPois  .         rRot     .     m - +0 helmet
rElec  .         Spirit   .     I - +1 cloak
SustAb +         Warding  .     O - +2 pair of gloves
rMut   .         Stasis   .     (no boots)
Gourm  .                        (no amulet)
MR     +....                    (no ring)
                                f - ring of sustain abilities

@: about to teleport, somewhat resistant to hostile enchantments, unstealthy
A: no striking features
a: Renounce Religion


You were on level 9 of the Dungeon.
You worshipped Vehumet.
Vehumet was extremely pleased with you.
You were not hungry.

You visited 2 branches of the dungeon, and saw 10 of its levels.
You also visited: Ossuary.

You collected 528 gold pieces.
You spent 201 gold pieces at shops.

Inventory:

Hand weapons
 k - a +0 short sword
 v - a +3 scimitar (weapon)
 B - a cursed +0 blowgun
 C - a +0 short sword
Missiles
 q - 8 needles of confusion
 D - 11 poisoned needles
Armour
 a - a +0 robe (worn)
 m - a +0 helmet (worn)
 x - the +1 buckler "Klinnom" (worn) {Str-3 Int+5}
   (You took it off a kobold on level 6 of the Dungeon)

   It affects your strength (-3).
   It affects your intelligence (+5).
 I - a +1 cloak (worn)
 O - a +2 pair of gloves (worn)
Magical devices
 y - a wand of fireball (5)
 A - a wand of draining (8)
 F - a wand of cold (7)
 G - a wand of digging (14)
 H - a wand of fire (6)
 L - a wand of confusion (17)
 Q - a wand of fireball (5)
 U - a wand of paralysis (12)
Comestibles
 b - 11 bread rations
 h - 7 meat rations
 o - 4 royal jellies
 E - a slice of pizza
 M - 6 beef jerkies
Scrolls
 g - a scroll of recharging
 j - 2 scrolls of enchant weapon
 l - 6 scrolls of remove curse
 n - 2 scrolls of fog
 s - 4 scrolls of identify
 K - 2 scrolls of teleportation
 N - a scroll of amnesia
 V - a scroll of fear
Jewellery
 f - a ring of sustain abilities (left hand)
 z - an uncursed ring of stealth
 R - an uncursed ring of ice
Potions
 d - 2 potions of brilliance
 e - 5 potions of curing
 i - a potion of heal wounds {unknown}
 p - 4 potions of agility
 r - 2 potions of lignification
 t - a potion of haste
 J - a potion of flight {unknown}
 S - 2 potions of berserk rage {unknown}
 X - a potion of resistance {unknown}
Books
 c - a book of Conjurations

   Spells                             Type                      Level
   *Magic Dart                        Conjuration                  1
   *Searing Ray                       Conjuration                  2
   Dazzling Spray                     Conjuration/Hexes            3
   Fulminant Prism                    Conjuration/Hexes            4
   *Iskenderun's Mystic Blast         Conjuration                  4
   *Iskenderun's Battlesphere         Conjuration/Charms           5
 u - a book of the Warp

   Spells                             Type                      Level
   Control Teleport                   Charms/Translocation         4
   Phase Shift                        Translocation                5
   Warp Weapon                        Charms/Translocation         5
   Dispersal                          Translocation                6
   Controlled Blink                   Translocation                7
   Disjunction                        Translocation                8
 w - a book of Spatial Translocations

   Spells                             Type                      Level
   *Apportation                       Translocation                1
   *Blink                             Translocation                2
   Shroud of Golubria                 Charms/Translocation         2
   Portal Projectile                  Translocation                3
   Teleport Other                     Translocation                3
   Passage of Golubria                Translocation                4


   Skills:
 + Level 10.1 Dodging
 - Level 2.4 Stealth
 - Level 2.8 Shields
 - Level 10.0 Spellcasting
 - Level 10.0 Conjurations
 - Level 9.8 Charms
 - Level 0.2 Evocations


You had 10 spell levels left.
You knew the following spells:

 Your Spells              Type           Power        Failure   Level  Hunger
a - Magic Dart            Conj           ####         1%          1    None
b - Searing Ray           Conj           ######       1%          2    None
c - Iskenderun's Mystic   Conj           ######..     1%          4    None
d - Iskenderun's Battles  Conj/Chrm      ######..     1%          5    ##.....
e - Airstrike             Air            ##........   11%         4    None
f - Blink                 Tloc           N/A          6%          2    None
g - Apportation           Tloc           ##........   3%          1    None


Dungeon Overview and Level Annotations

Branches:
Dungeon (9/15)             Temple (0/1) D:4            Lair (1/8) D:9
    Orc: D:9-12

Altars:
Elyvilon
Kikubaaqudgha
Makhleb
Okawaru
Vehumet
Yredelemnul
The Shining One

Shops:
D:4 (   D:7 [}?[   D:9 (


Message History

The blink frog hits you!!
* * * LOW HITPOINT WARNING * * *
The blink frog hits your battlesphere.
You climb upwards.
Welcome back to the Dungeon!
There is a staircase to the Lair here.
You swap places.
You block the blink frog's attack. The blink frog hits your battlesphere!
Your battlesphere is destroyed!
The blink frog hits you.
* * * LOW HITPOINT WARNING * * *
Read which item? (? for menu, Esc to quit)
Okay, then.
Unknown command.
Drink which item? (? for menu, Esc to quit)
Okay, then.
Unknown command.
Read which item? (? for menu, Esc to quit)
As you read the scroll of teleportation, it crumbles to dust.
You feel strangely unstable. The blink frog hits you!
You die...

### ##### #### ######.##
##...# #.F## #.##..#.#####
#..### ###@#####.#.###.....
###...###
#F.##..##..(.....##
#.'###..###.........(.%..#.#
#.###.#.............###.####
##.###.......#....?##.####.#
#.##.#..#.........####....##
####)..##.###....## ####.##
###.#### ##.### #.(# ### ###
####


You could see 2 blink frogs.

Vanquished Creatures
  Joseph (D:8)
  3 komodo dragons (D:9)
  Prince Ribbit (D:4)
  A two-headed ogre (D:8)
  The ghost of Sedillia the Covered, an average GrFi (D:4)
  A blink frog (D:9)
  A hungry ghost (D:9)
  Eustachio (D:6)
  A hippogriff (Lair:1)
  A hill giant skeleton (D:9)
  2 sky beasts (D:8)
  An orc warrior (D:9)
  A swamp drake (D:9)
  An ice beast (D:8)
  4 ogres
  A centaur (D:7)
  A crocodile (D:9)
  An elf zombie (Ossuary)
  3 giant frogs
  A big kobold (D:6)
  An eye of draining (D:9)
  A scorpion (D:8)
  An electric eel (Lair:1)
  A hippogriff skeleton (D:6)
  3 wights (D:6)
  A quasit (D:9)
  A human zombie (Ossuary)
  7 crimson imps
  3 goliath beetles
  6 jellies
  4 orc priests
  2 giant frog skeletons
  4 iguanas
  4 hounds
  8 worker ants
  3 orc wizards
  A sky beast zombie (D:9)
  Ijyb (D:4)
  2 big kobold zombies (Ossuary)
  A hound skeleton (D:8)
  3 hound zombies
  5 mummies
  10 adders
  3 shadow imps
  2 giant mites (D:3)
  A worm (D:3)
  3 adder zombies (Ossuary)
  An adder skeleton (D:9)
  4 giant geckos
  An ooze (D:1)
  20 orcs
  8 giant cockroaches
  3 gnoll zombies (Ossuary)
  14 hobgoblins
  11 jackals
  33 kobolds
  11 bats
  A giant newt (D:1)
  2 giant spores
  9 goblins
  A goblin skeleton (D:5)
  A goblin zombie (Ossuary)
  6 hobgoblin zombies (Ossuary)
  6 jackal zombies (Ossuary)
  2 kobold zombies (Ossuary)
  An orc zombie (Ossuary)
  4 quokkas
  4 quokka zombies (Ossuary)
  11 rats
  2 rat zombies (Ossuary)
  2 ballistomycetes (D:8)
268 creatures vanquished.

Vanquished Creatures (others)
  2 jellies (D:6)
  Terence (D:2)
  A kobold (D:2)
4 creatures vanquished.

Grand Total: 272 creatures vanquished

Notes
Turn   | Place    | Note
--------------------------------------------------------------
     0 | D:1      | Bikaver, the Deep Elf Conjurer, began the quest for the Orb.
     0 | D:1      | Reached XP level 1. HP: 10/10 MP: 5/5
   440 | D:1      | Reached XP level 2. HP: 15/15 MP: 6/8
   449 | D:1      | Learned a level 2 spell: Searing Ray
   592 | D:1      | Reached skill level 5 in Conjurations
  1059 | D:2      | Noticed Terence
  1101 | D:2      | Found a radiant altar of Vehumet.
  1286 | D:2      | Became a worshipper of Vehumet
  1502 | D:2      | Found an iron altar of Okawaru.
  1520 | D:2      | Reached XP level 3. HP: 19/19 MP: 6/10
  1528 | D:2      | Killed Terence
  2192 | D:3      | Reached XP level 4. HP: 24/24 MP: 7/13
  2204 | D:3      | Learned a level 4 spell: Iskenderun's Mystic Blast
  2278 | D:3      | Reached skill level 6 in Conjurations
  2794 | D:3      | Found a glowing drain.
  2854 | D:3      | Acquired Vehumet's first power
  2854 | D:3      | Offered knowledge of Shock by Vehumet.
  2994 | D:3      | Found a white marble altar of Elyvilon.
  3004 | D:3      | Reached XP level 5. HP: 17/28 MP: 7/16
  3285 | D:4      | Found a sand-covered staircase.
  3305 | Ossuary  | Entered an ossuary
  3618 | Ossuary  | Reached skill level 7 in Conjurations
  4107 | Ossuary  | Reached XP level 6. HP: 20/32 MP: 1/18
  4467 | Ossuary  | Reached skill level 8 in Conjurations
  4615 | Ossuary  | Offered knowledge of Sandblast by Vehumet.
  4716 | D:4      | Noticed Ijyb
  4718 | D:4      | Killed Ijyb
  4778 | D:4      | Noticed Prince Ribbit
  4990 | D:4      | Found a staircase to the Ecumenical Temple.
  5066 | D:4      | Found an ancient bone altar of Kikubaaqudgha.
  5066 | D:4      | Noticed Sedillia's ghost (average GrFi)
  5085 | D:5      | Entered Level 5 of the Dungeon
  5245 | D:4      | Found Huuvvy's Antique Weapon Shoppe.
  5422 | D:5      | Reached XP level 7. HP: 36/36 MP: 15/20
  5454 | D:5      | Learned a level 5 spell: Iskenderun's Battlesphere
  5707 | D:5      | Reached skill level 1 in Charms
  5954 | D:5      | Reached skill level 9 in Conjurations
  6168 | D:6      | Noticed Eustachio
  6199 | D:6      | Killed Eustachio
  6346 | D:6      | Offered knowledge of Static Discharge by Vehumet.
  6631 | D:6      | Reached skill level 10 in Conjurations
  6649 | D:6      | Reached XP level 8. HP: 38/41 MP: 8/21
  6751 | D:6      | Acquired Vehumet's second power
  6766 | D:6      | Got a faintly humming buckler
  6772 | D:6      | Identified the +1 buckler "Klinnom" {Str-3 Int+5} (You took it off a kobold on level 6 of the Dungeon)
  6811 | D:6      | Reached skill level 5 in Charms
  7003 | D:6      | Offered knowledge of Throw Icicle by Vehumet.
  7875 | D:7      | Found Guoqo's Armour Boutique.
  8004 | D:7      | Acquired Vehumet's third power
  8004 | D:7      | Reached skill level 1 in Shields
  8183 | D:7      | Found Istant's Magic Scroll Boutique.
  8190 | D:7      | Bought a scroll of teleportation for 42 gold pieces
  8190 | D:7      | Bought a scroll of teleportation for 42 gold pieces
  8407 | D:7      | Offered knowledge of Airstrike by Vehumet.
  8521 | D:7      | Found Khea's Gadget Emporium.
  8565 | D:7      | Found Twa Grox's Antique Armour Emporium.
  8568 | D:7      | Bought a glowing cloak for 117 gold pieces
  8718 | D:7      | Found a glowing golden altar of the Shining One.
  8721 | D:7      | Found an iron altar of Okawaru.
  8727 | D:7      | Found a basalt altar of Yredelemnul.
  8972 | D:8      | Noticed a two-headed ogre
  8974 | D:8      | Killed a two-headed ogre
  8974 | D:8      | Reached XP level 9. HP: 45/45 MP: 5/24
  8980 | D:8      | Learned a level 4 spell: Airstrike
  9295 | D:8      | Reached skill level 5 in Spellcasting
  9389 | D:8      | Noticed Joseph
  9397 | D:8      | Killed Joseph
  9787 | D:8      | Learned a level 2 spell: Blink
 10580 | D:4      | Killed Sedillia's ghost
 10608 | D:4      | Killed Prince Ribbit
 10858 | D:9      | Reached skill level 10 in Spellcasting
 10906 | D:9      | Reached skill level 5 in Dodging
 11026 | D:9      | Found a burning altar of Makhleb.
 11093 | D:9      | Offered knowledge of Spellforged Servitor by Vehumet.
 11134 | D:9      | Found Stoyj's Antique Weapon Shoppe.
 11163 | D:9      | Reached XP level 10. HP: 50/50 MP: 19/31
 11643 | D:9      | Noticed a komodo dragon
 11647 | D:9      | Killed a komodo dragon
 11648 | D:9      | Noticed a komodo dragon
 11656 | D:9      | Killed a komodo dragon
 11759 | D:9      | Found a staircase to the Lair.
 11792 | D:9      | Noticed a komodo dragon
 11796 | D:9      | Killed a komodo dragon
 12197 | D:9      | Learned a level 1 spell: Apportation
 12198 | Lair:1   | Entered Level 1 of the Lair of Beasts
 12213 | D:9      | Reached skill level 10 in Dodging
 12440 | D:9      | Mangled by a blink frog

Action                   |  1- 3 |  4- 6 |  7- 9 | 10-12 || total
-------------------------+-------+-------+-------+-------++-------
Melee: Unarmed           |       |     5 |       |       ||     5
       Scimitar          |       |       |     2 |       ||     2
 Cast: Magic Dart        |    76 |   201 |   371 |    86 ||   734
       Searing Ray       |     4 |    18 |    27 |     5 ||    54
       Iskenderun's Myst |       |     2 |    18 |     5 ||    25
       Iskenderun's Batt |       |       |    15 |     9 ||    24
Evoke: Wand              |       |       |     7 |       ||     7
  Use: Scroll            |     2 |    13 |     3 |     2 ||    20
       Potion            |       |     3 |       |       ||     3
  Eat: Chunk             |     4 |     3 |    16 |     3 ||    26
       Pizza             |       |     1 |       |     1 ||     2
       Beef jerky        |       |     1 |       |       ||     1
       Meat ration       |       |     1 |     1 |       ||     2
